 Dungeon Crawl Stone Soup version 0.20-a0-809-gaf7f668 (webtiles) character file.

11606 Alarkh the Carver (level 11, -18/87 HPs)
             Began as a Demonspawn Fighter on Mar 2, 2017.
             Was a High Priest of Okawaru.
             Engulfed by an ice statue's freezing vapour (22 damage)
             ... in an ice cave.
             The game lasted 00:17:11 (13961 turns).

Alarkh the Carver (Demonspawn Fighter)             Turns: 13961, Time: 00:17:11

Health: -18/87     AC: 20    Str: 18    XL:     11   Next: 51%
Magic:  11/11      EV:  9    Int: 12    God:    Okawaru [*****.]
Gold:   104        SH: 11    Dex: 12    Spells: 10/10 levels left

rFire    . . .     SeeInvis +   a - +3 scimitar (flame)
rCold    . . .     Gourm    .   q - +0 scale mail
rNeg     . . .     Faith    .   c - +0 shield
rPois    .         Spirit   .   N - +0 helmet
rElec    .         Reflect  .   Q - +0 cloak
rCorr    .         Harm     .   g - +0 pair of gloves
MR       .....                  (no boots)
Stlth    ..........             (no amulet)
Regen    0.3/turn               R - ring of see invisible
MPRegen  0.2/turn               n - ring of Robustness {AC+8}

@: no status effects
A: powered by pain 3, sturdy frame 2
a: Heroism, Finesse, Renounce Religion


You were in an ice cave.
You worshipped Okawaru.
Okawaru was extremely pleased with you.
You were not hungry.

You visited 2 branches of the dungeon, and saw 12 of its levels.
You also visited: Ice Cave.

You collected 510 gold pieces.
You spent 406 gold pieces at shops.

Inventory:

Hand Weapons
 a - a +3 scimitar of flaming (weapon)
 b - a +2 dagger of venom
 w - a +0 scimitar
Armour
 c - a +0 shield (worn)
 g - a +0 pair of gloves (worn)
 q - a +0 scale mail (worn)
 N - a +0 helmet (worn)
 Q - a +0 cloak (worn)
Jewellery
 j - an uncursed ring of magical power
 n - the ring of Robustness (left hand) {AC+8}
   (You took it off an orc priest on level 8 of the Dungeon)

   [ring of protection]

   It affects your AC (+8).
 v - an uncursed ring of wizardry
 I - the amulet of the Griffon {Harm *Drain rF+++}
   (You found it on level 7 of the Dungeon)

   [amulet of harm]

   It increases damage dealt and taken.
   It renders you almost immune to fire.
   It causes draining when unequipped.
 R - a ring of see invisible (right hand)
Wands
 e - a wand of scattershot (5/9)
 L - a wand of digging (15/24)
 M - a wand of iceblast (13/15)
 U - a wand of scattershot (4/9)
Scrolls
 l - a scroll of teleportation
 m - 4 scrolls of magic mapping
 o - 3 scrolls of remove curse
 s - a scroll of recharging
 y - a scroll of amnesia {unknown}
 A - 3 scrolls of fog
 H - a scroll of immolation {unknown}
 J - a scroll of fear
 K - a scroll of brand weapon {unknown}
 S - a scroll of noise {unknown}
Potions
 d - a potion of might
 i - 2 potions of magic
 k - 4 potions of curing
 t - 2 potions of berserk rage
 u - 5 potions of flight
 x - 2 potions of invisibility {unknown}
 B - a potion of agility
 E - a potion of ambrosia {unknown}
 G - a potion of haste
 O - a potion of cancellation {unknown}
 P - 3 potions of mutation {unknown}
Comestibles
 f - 12 bread rations
 h - 6 meat rations
 p - 3 chunks of flesh
 r - 6 royal jellies


   Skills:
 + Level 8.9 Fighting
 * Level 10.8 Long Blades
 + Level 8.4 Armour
 + Level 7.9 Shields


You had 10 spell levels left.
You didn't know any spells.

Dungeon Overview and Level Annotations

Branches:
Dungeon (11/15)            Temple (1/1) D:6            Lair (0/6) D:11
    Orc (0/2) D:11

Altars:
Ashenzari
Cheibriados
Dithmenos
Elyvilon
Fedhas
Gozag
Hepliaklqana
Kikubaaqudgha
Makhleb
Nemelex Xobeh
Okawaru
Qazlal
Ru
Sif Muna
Trog
Uskayaw
Vehumet
Wu Jian
Xom
Yredelemnul
Zin
The Shining One

Shops:
D:6 !   D:10 *

Annotations:
IceCv exclusion: ice statue


Innate Abilities, Weirdness & Mutations

You are powered by pain.
Your movements are less encumbered by armour. (ER -4)


Message History

You hit the ice beast but do no damage. You block the ice beast's attack.
The ice statue gestures at you. The freezing blast engulfs you!
You hit the ice beast.
You melt the ice beast.
The ice beast is moderately wounded.
You are engulfed in freezing vapours.
The ice beast barely misses you.
Unknown command.
You are engulfed in freezing vapours.
The ice statue gestures at you.
The bolt of cold hits the ice beast.
The ice beast completely resists.
The bolt of cold hits you!
* * * LOW HITPOINT WARNING * * *
The ice statue gestures at you.
The freezing blast engulfs the ice beast.
The ice beast completely resists.
Unknown command.
Okay, then.
You are engulfed in freezing vapours.
You are engulfed in freezing vapours.
You die...

## #§# #
####.§#..#
##§§§8..#
##§§§§§##}#
#§Y##.##
#@######
#§####.##
#§§#....#
##§.....##
#...###..##
##.##
##..##
#######...#
#∩#.###..##
#....###..#


You could see an ice statue and an ice beast.

Vanquished Creatures
  Erolcha (D:9)
  Erica (D:9)
  A two-headed ogre (D:8)
  The ghost of Voxish the Slinger, a novice HaHu of Okawaru (D:8)
  A deep elf archer (D:9)
  Pikel (D:6)
  Maurice (D:9)
  2 centaur skeletons
  A komodo dragon (D:10)
  A polar bear (IceCv)
  A hippogriff (D:10)
  Sigmund (D:8)
  A spriggan (D:7)
  A yak (IceCv)
  2 wyverns (D:10)
  2 hungry ghosts (D:7)
  2 steam dragons (D:9)
  3 vampire mosquitoes (D:9)
  6 orc warriors
  A black bear (D:7)
  2 ice beasts
  3 phantoms
  2 ogres
  3 wolves (IceCv)
  3 centaurs
  A crocodile (D:8)
  2 big kobolds
  8 bullfrogs
  A wyvern zombie (D:7)
  A water moccasin zombie (D:8)
  A wyvern skeleton (D:8)
  2 scorpions
  6 killer bees (D:7)
  3 wights (D:6)
  2 howler monkeys
  5 crimson imps
  A centaur zombie (D:6)
  A quasit (D:7)
  6 orc priests
  12 hounds
  3 jellies
  A gnoll shaman (D:7)
  11 orc wizards
  10 iguanas
  7 worker ants
  A hound skeleton (D:4)
  14 adders
  16 gnolls
  3 shadow imps
  An ooze (D:2)
  2 worms (D:2)
  An adder skeleton (D:7)
  3 adder zombies
  3 leopard geckos
  31 orcs
  8 giant cockroaches
  7 goblins
  7 hobgoblins
  6 jackals
  14 kobolds
  5 quokkas
  4 ball pythons
  8 bats
  5 frilled lizards
  A jackal skeleton (D:3)
  2 rats (D:1)
270 creatures vanquished.

Vanquished Creatures (others)
  2 slaves (D:6)
  A bullfrog (D:6)
  2 wights (D:6)
  A leopard gecko (D:6)
6 creatures vanquished.

Grand Total: 276 creatures vanquished

Notes
Turn   | Place    | Note
-------+----------+-------------------------------------------
     0 | D:1      | Alarkh the Demonspawn Fighter began the quest for the Orb.
     0 | D:1      | Reached XP level 1. HP: 18/18 MP: 1/1
   210 | D:1      | Reached skill level 2 in Long Blades
   314 | D:1      | Gained mutation: Your movements are slightly less encumbered by armour. (ER -2) [demonic ancestry]
   314 | D:1      | Reached XP level 2. HP: 24/24 MP: 2/2
  1165 | D:2      | Reached XP level 3. HP: 17/29 MP: 3/3
  2096 | D:2      | Reached XP level 4. HP: 32/35 MP: 4/4
  2512 | D:2      | Reached skill level 3 in Long Blades
  2518 | D:2      | Gained mutation: You sometimes gain a little power by taking damage. [demonic ancestry]
  2518 | D:2      | Reached XP level 5. HP: 40/41 MP: 5/5
  2587 | D:2      | Found an opulent altar of Gozag.
  3630 | D:3      | Gained mutation: Your movements are less encumbered by armour. (ER -4) [demonic ancestry]
  3630 | D:3      | Reached XP level 6. HP: 46/48 MP: 6/6
  3983 | D:4      | Reached skill level 4 in Long Blades
  4602 | D:5      | Entered Level 5 of the Dungeon
  4612 | D:5      | Gained mutation: You sometimes gain power by taking damage. [demonic ancestry]
  4612 | D:5      | Reached XP level 7. HP: 45/55 MP: 7/7
  4949 | D:5      | Got a crude robe
  4960 | D:5      | Identified the +2 robe of Tenacity {*Corrode rPois MR++} (You found it on level 5 of the Dungeon)
  5021 | D:5      | Reached skill level 5 in Long Blades
  5418 | D:5      | Reached skill level 5 in Fighting
  5696 | D:6      | Found a staircase to the Ecumenical Temple.
  5708 | D:6      | Noticed Pikel
  5709 | D:6      | Found Datz's Distillery.
  5713 | D:6      | Bought a potion of lignification for 42 gold pieces
  5713 | D:6      | Bought a potion of heal wounds for 70 gold pieces
  5713 | D:6      | Bought a potion of haste for 140 gold pieces
  5773 | D:6      | Gained mutation: You are powered by pain. [demonic ancestry]
  5773 | D:6      | Reached XP level 8. HP: 55/62 MP: 8/8
  5925 | D:6      | Killed Pikel
  5925 | D:6      | Reached skill level 6 in Long Blades
  5925 | D:6      | Reached skill level 5 in Armour
  5925 | D:6      | Reached skill level 5 in Shields
  6949 | D:6      | Reached skill level 7 in Long Blades
  7008 | Temple   | Entered the Ecumenical Temple
  7255 | Temple   | Became a worshipper of Warmaster Okawaru
  7290 | D:6      | Reached XP level 9. HP: 42/69 MP: 9/9
  8374 | D:7      | Reached * piety under Okawaru
  8529 | D:7      | Reached skill level 8 in Long Blades
  8973 | D:7      | Got a flickering jade amulet
  8974 | D:7      | Identified the amulet of the Griffon {Harm *Drain rF+++} (You found it on level 7 of the Dungeon)
  9492 | D:8      | Reached ** piety under Okawaru
  9584 | D:8      | Noticed Sigmund
  9590 | D:8      | Killed Sigmund
  9630 | D:8      | Found a hazy altar of Hepliaklqana.
  9658 | D:8      | Found a sparkling altar of Nemelex Xobeh.
  9675 | D:8      | Found a bloodstained altar of Trog.
  9687 | D:8      | Reached XP level 10. HP: 77/79 MP: 10/10
  9742 | D:8      | Found a shattered altar of Ashenzari.
  9787 | D:8      | Noticed Voxish's ghost (novice HaHu)
  9855 | D:8      | Killed Voxish's ghost
 10444 | D:8      | Found a shimmering altar of Xom.
 10446 | D:8      | Found a sacrificial altar of Ru.
 10446 | D:8      | Found a burning altar of Makhleb.
 10535 | D:8      | Reached skill level 9 in Long Blades
 10688 | D:8      | Noticed a two-headed ogre
 10698 | D:8      | Killed a two-headed ogre
 10698 | D:8      | Reached *** piety under Okawaru
 11157 | D:9      | Found a bloodstained altar of Trog.
 11256 | D:9      | Noticed Maurice
 11276 | D:9      | Killed Maurice
 11358 | D:9      | Noticed a deep elf archer
 11390 | D:9      | Killed a deep elf archer
 11390 | D:9      | Reached **** piety under Okawaru
 11693 | D:9      | Noticed Erolcha
 11703 | D:9      | Paralysed by Erolcha for 5 turns
 11713 | D:9      | Killed Erolcha
 11713 | D:9      | Reached skill level 10 in Long Blades
 11713 | D:9      | Reached XP level 11. HP: 59/87 MP: 11/11
 11972 | D:9      | Noticed Erica
 12010 | D:9      | Killed Erica
 12447 | D:9      | Found an ornate altar of the Wu Jian Council.
 12741 | D:10     | Entered Level 10 of the Dungeon
 13053 | D:10     | Found Mad Gasa's General Store.
 13082 | D:10     | Bought a scroll of enchant weapon for 105 gold pieces
 13084 | D:10     | Bought a scroll of fear for 49 gold pieces
 13296 | D:10     | Reached ***** piety under Okawaru
 13344 | D:10     | Noticed an orc knight
 13345 | D:10     | Noticed an orc knight
 13645 | D:11     | Found a frozen archway.
 13747 | IceCv    | Entered an ice cave
 13958 | IceCv    | HP: 3/87 [ice statue/bolt of cold (24)]
 13961 | IceCv    | Engulfed by an ice statue's freezing vapour

Vault maps used:
D:1:      dpeg_arrival_more_subterranean_lakeside_camping
D:2:      lemuel_round_altar, cheibrodos_gnoll_hut
D:3:      first_bread, minmay_quantized
D:4:      minmay_misc_feat_square
D:6:      temple_statues, serial_shops, shop_fountains, uniq_pikel
D:7:      the_bakery, supply_closet_lemuel, grunt_ministairs_5
D:8:      grunt_temple_overflow_open, evilmike_ruin_ashenzari,
          grunt_temple_overflow_diamond, sigmund_army
D:9:      kennysheep_mini, basic_altar, kennysheep_just_a_vault, uniq_erolcha,
          uniq_maurice, uniq_erica
D:10:     minmay_bloctagon, serial_shops, shop, special_room,
          hangedman_decor_opposing
D:11:     minmay_lair_entry_lava, portal_ice_cave_entry_pillars_1,
          minmay_misc_feat_roman, uniq_grum, uniq_josephine, uniq_psyche
Temple:   dshaligram_water_room_temple
IceCv:    ice_cave_caverns_03

Skill      XL: |  1  2  3  4  5  6  7  8  9 10 11 |
---------------+----------------------------------+-----
Long Blades    | 2 3 4 5 7 8 10 | 10.8
Armour         | 3 4 5 6 7 8 |  8.4
Shields        | 3 4 5 6 7 |  7.9
Fighting       | 4 5 6 7 8 |  8.9

Action                   |  1- 3 |  4- 6 |  7- 9 | 10-12 || total
-------------------------+-------+-------+-------+-------++-------
Melee: Long sword        |   124 |       |   164 |       ||   288
       Dagger            |     4 |   223 |    39 |       ||   266
       Falchion          |       |       |   224 |   263 ||   487
       Scimitar          |       |       |       |   205 ||   205
Invok: Heroism           |       |       |     1 |     8 ||     9
       Finesse           |       |       |       |     1 ||     1
Evoke: Wand              |       |       |       |     2 ||     2
  Use: Scroll            |     1 |       |     6 |    10 ||    17
       Potion            |     1 |       |     3 |     3 ||     7
  Eat: Chunk             |     4 |     8 |    21 |    15 ||    48
Armor: Scale mail        |    56 |    74 |   138 |   150 ||   418
Dodge: Dodged            |    34 |    56 |   128 |   154 ||   372
Block: Shield            |    72 |    84 |   197 |   215 ||   568
       Rpst.: Long sword |    10 |       |    20 |       ||    30
       Falchion          |       |       |    20 |    21 ||    41
       Scimitar          |       |       |       |    24 ||    24
